 Zot Defence DCSS version 0.14.2 (webtiles) character file.

567 gallo the Covered (level 7, -4/60 (61) HPs)
             Began as a Minotaur Fighter on June 8, 2016.
             Slain by Strargho the hell hound (7 damage)
             ... in the Realm of Zot (Scenario I: Hall of Zot).
             The game lasted 00:11:57 (531 turns).

gallo the Covered (Minotaur Fighter)                 Turns: 531, Time: 00:11:57

HP  -4/60 (61)   AC  7     Str 23      XL: 7   Next: 11%
MP   3/3         EV  7     Int  5      God:
Gold 0           SH 19     Dex  1 (9)  Spells:  0 memorised,  6 levels left

rFire  . . .     SeeInvis .     a - +0 war axe
rCold  . . .     Clarity  .     b - +0 scale mail
rNeg   . . .     Conserve .     c - +0 shield
rPois  .         rCorr    .     (helmet restricted)
rElec  .         rRot     .     (no cloak)
SustAb . .       Spirit   .     (no gloves)
rMut   .         Warding  .     (no boots)
Saprov . . .     Stasis   .     (no amulet)
MR     .....                    (no ring)
                                (no ring)

@: not resistant to hostile enchantments, extremely unstealthy
A: retaliatory headbutt, horns 2
a: Make dart trap, Make oklob sapling, Make arrow trap, Make plant, Remove
Curse, Make burning bush, Make altar, Make grenades, Make oklob plant


You were in the Realm of Zot.
You were not hungry.

You visited 1 branch

Inventory:

Hand weapons
 a - a +0,+0 war axe (weapon)
Armour
 b - a +0 scale mail (worn)
 c - a +0 shield (worn)
 q - a -1 ring mail
Comestibles
 f - a bread ration
 g - a rotting chunk of giant cockroach flesh
 l - a rotting chunk of rat flesh
 m - a rotting chunk of bat flesh
 n - 2 rotting chunks of bat flesh
 o - a rotting chunk of rat flesh
 p - a chunk of rat flesh
 r - a chunk of rat flesh
 s - 2 chunks of jackal flesh
Scrolls
 k - a scroll of blinking
Potions
 d - 2 potions of curing
 e - a potion of might
 h - a potion of haste
 i - 2 potions of magic
 j - a potion of berserk rage


   Skills:
 + Level 5.4 Fighting
 * Level 4.5 Axes
 + Level 6.2 Armour
 + Level 6.1 Shields


You had 6 spell levels left.
You didn't know any spells.

Dungeon Overview and Level Annotations

Branches:
    Zot (1/1)

Altars:


Innate Abilities, Weirdness & Mutations

You reflexively headbutt those who attack you in melee.
You have a pair of horns on your head.


Message History

Strargho breathes flames at you.
The blast of flame hits the jackal.
The jackal dies!
The blast of flame hits you!
* * * LOW HITPOINT WARNING * * *
The blast of flame hits your plant.
Your oklob sapling spits acid at Strargho.
The splash of acid hits Strargho.
You barely miss Strargho.
Strargho is lightly wounded.
Strargho bites you but does no damage.
Your oklob sapling spits acid at Strargho.
The splash of acid hits Strargho.
Strargho gazes forward, looking utterly alone.
Your oklob sapling spits acid at Strargho.
The splash of acid hits Strargho.
You closely miss Strargho.
Strargho is moderately wounded.
Strargho bites you!
You die...

▓▓▓▓▓▓▓▓ ▓▓▓▓▓▓▓▓ ....▓▓▓▓
▓▓▓▓.... .......▓▓▓ ▓▓▓.......
.........▓▓ ▓▓.........
..........▓ ▓▓▓▓▓▓▓▓▓ ▓..........
..........▓▓▓..)P...▓▓▓..........
..........▓▓.........▓▓..........
..........▓.%..%h.....▓..........
...........%%.%P@%%))............
.........)▓....(%.)...▓).........
..........▓▓.........▓▓..........
..........▓▓▓...P...▓▓▓..........
..........# ▓▓▓▓▓▓▓▓▓ #..........
.........## ##K........
.......### ###....... ....####
####.... ######### #########


You could see Strargho the hell hound and 2 friendly oklob saplings.

Vanquished Creatures
  2 wolves (Zot)
  A quasit (Zot)
  A bat (Zot)
  2 giant cockroaches (Zot)
  3 goblins (Zot)
  3 jackals (Zot)
  A kobold (Zot)
  6 rats (Zot)
19 creatures vanquished.

Vanquished Creatures (collateral kills)
  A killer bee (Zot)
  An orc priest (Zot)
  5 bats (Zot)
  10 kobolds (Zot)
  8 jackals (Zot)
  5 rats (Zot)
30 creatures vanquished.

Vanquished Creatures (others)
  2 jackals (Zot)
2 creatures vanquished.

Grand Total: 51 creatures vanquished

Notes
Turn   | Place    | Note
--------------------------------------------------------------
     0 | Zot      | gallo, the Minotaur Fighter, began the quest for the Orb.
     0 | Zot      | Reached XP level 1. HP: 19/19 MP: 1/1
   213 | Zot      | Reached XP level 2. HP: 22/27 MP: 1/1
   216 | Zot      | Reached skill level 4 in Fighting
   225 | Zot      | Noticed Vass
   250 | Zot      | HP: 1/27 [Vass the quasit (1)]
   256 | Zot      | Killed Vass the quasit
   256 | Zot      | Reached XP level 3. HP: 19/34 MP: 2/2
   256 | Zot      | Reached XP level 4. HP: 22/41 MP: 2/2
   324 | Zot      | Reached skill level 5 in Armour
   324 | Zot      | Reached XP level 5. HP: 35/47 MP: 2/2
   440 | Zot      | Reached skill level 5 in Shields
   508 | Zot      | Noticed a wolf
   516 | Zot      | Killed a wolf
   516 | Zot      | Reached skill level 5 in Fighting
   516 | Zot      | Reached XP level 6. HP: 49/55 MP: 3/3
   517 | Zot      | Noticed a wolf
   526 | Zot      | Noticed Strargho
   529 | Zot      | Killed a wolf
   529 | Zot      | Reached skill level 6 in Armour
   529 | Zot      | Reached XP level 7. HP: 10/60 MP: 3/3
   529 | Zot      | HP: 3/60 [Strargho the hell hound/blast of flame (7)]
   531 | Zot      | Slain by Strargho the hell hound

Action                   |  1- 3 |  4- 6 |  7- 9 || total
-------------------------+-------+-------+-------++-------
Melee: War axe           |    41 |    11 |     2 ||    54
 Abil: Make oklob saplin |     1 |     1 |       ||     2
       Make plant        |       |     1 |       ||     1
  Use: Potion            |     1 |     1 |       ||     2
